 Dungeon Crawl Stone Soup version 0.29.1-2-gbd0b4ee654 (webtiles) character file.

Game seed: 11217362722148258114

63 kingsuperguy the Chopper (level 3, -1/34 HPs)
             Began as a Minotaur Berserker on Nov 27, 2022.
             Was a Believer of Trog.
             Slain by Sigmund
             ... wielding a +0 scythe
              (5 damage)
             ... on level 2 of the Dungeon.
             The game lasted 00:02:08 (1728 turns).

kingsuperguy the Chopper (Minotaur Berserker)       Turns: 1728, Time: 00:02:09

Health: -1/34      AC:  3    Str: 23    XL:     3   Next: 87%
Magic:  2/2        EV: 12    Int:  4    God:    Trog [**....]
Gold:   54         SH:  0    Dex:  9    Spells: 2/2 levels left

rFire   . . .      SeeInvis .   a - +0 hand axe
rCold   . . .      Faith    .   (no shield)
rNeg    . . .      Spirit   .   k - +0 leather armour
rPois   .          Reflect  .   (helmet restricted)
rElec   .          Harm     .   (no cloak)
rCorr   .          Rampage  .   (no gloves)
Will    .....                   (no boots)
Stlth   +.........              (no amulet)
HPRegen 0.11/turn               (no ring)
MPRegen 0.08/turn               (no ring)

@: on berserk cooldown, slowed, very slow
A: horns 2, retaliatory headbutt
a: Renounce Religion, Berserk, Trog's Hand


You were on level 2 of the Dungeon.
You worshipped Trog.
Trog was pleased with you.
You visited 1 branch of the dungeon, and saw 2 of its levels.

You collected 54 gold pieces.

Inventory:

Hand Weapons
 a - a +0 hand axe (weapon)
Armour
 b - a +0 animal skin
 k - a +0 leather armour (worn)
Scrolls
 c - a scroll of vulnerability {unknown}
 f - 2 scrolls of magic mapping
 l - a scroll of teleportation {unknown}
 m - a scroll of silence {unknown}
Potions
 d - a potion of heal wounds {unknown}
 e - a potion of mutation {unknown}
 g - a potion of might {unknown}
 h - 3 potions of curing {unknown}
 n - a potion of attraction {unknown}


   Skills:
 + Level 4.4 Fighting
 + Level 4.6 Axes
 + Level 2.8 Armour
 + Level 2.7 Dodging
 + Level 0.2 Stealth


You had 2 spell levels left.
You didn't know any spells.
Your spell library was empty.

Dungeon Overview and Level Annotations

Branches:
Dungeon (2/15)

Altars:

Shops:
D:1 !

Annotations:
D:2 Sigmund


Innate Abilities, Weirdness & Mutations

You have a pair of horns on your head.
You reflexively headbutt those who attack you in melee.


Message History

You struggle against the net.
The goblin hits you but does no damage.
The gnoll hits you from afar with a +0 spear. x2
The gnoll barely misses you. You furiously retaliate!
You headbutt the gnoll. Sigmund barely misses you.
You struggle against the net.
You feel your anger nearly subside.
Unknown command.
You rip the net and break free!
You are no longer berserk.
You are exhausted.
You feel yourself slow down. The gnoll closely misses you.
The gnoll barely misses you. The gnoll hits you with a +0 whip.
The goblin closely misses you.
The hobgoblin hits you but does no damage.
The hobgoblin attacks as you move away! The hobgoblin barely misses you.
You furiously retaliate!
You headbutt the hobgoblin. The goblin attacks as you move away!
The goblin hits you with a +0 club.
Sigmund hits you from afar with a +0 scythe.
* * * LOW HITPOINT WARNING * * *
The gnoll attacks as you move away! The gnoll closely misses you.
You furiously retaliate!
You headbutt the gnoll!
You kill the gnoll!
Trog accepts your kill. The goblin attacks as you move away!
The goblin hits you with a +0 club.
* * * LOW HITPOINT WARNING * * *
The goblin hits you with a +0 club.
* * * LOW HITPOINT WARNING * * *
The goblin barely misses you. You furiously retaliate!
You headbutt the goblin!
You kill the goblin!
Trog accepts your kill.
As you read the scroll labelled YKIMIW DYEHER, it crumbles to dust.
It is a scroll of amnesia.
You feel forgetful for a moment.
As you read the scroll labelled WEONEL VEF WUZ, it crumbles to dust.
It is a scroll of identify.
f - 2 scrolls of magic mapping The hobgoblin hits you.
* * * LOW HITPOINT WARNING * * *
Sigmund hits you from afar with a +0 scythe.
You die...

#.........# #.####
#.........# #.....
#.........# ######
#.........#
#.@)......#
#.g)g.....#
##.########
#@##################
#.g@................
####################


You could see Sigmund and a hobgoblin.

Vanquished Creatures
  2 gnolls (D:2)
  A dart slug (D:1)
  3 bats
  An endoplasm (D:1)
  4 goblins
  4 hobgoblins (D:1)
  10 jackals
  A quokka (D:1)
  6 ball pythons
  2 kobolds
  3 rats
37 creatures vanquished.

Notes
Turn   | Place    | Note
-------+----------+-------------------------------------------
     0 | D:1      | kingsuperguy the Minotaur Berserker began the quest for the
                  | Orb.
     0 | D:1      | Reached XP level 1. HP: 19/19 MP: 0/0
   279 | D:1      | Found Evui's Distillery.
   290 | D:1      | Reached XP level 2. HP: 23/27 MP: 1/1
   805 | D:1      | Reached ** piety under Trog
  1217 | D:2      | Reached XP level 3. HP: 29/33 MP: 2/2
  1714 | D:2      | Noticed Sigmund
  1728 | D:2      | Slain by Sigmund

Illustrated notes

Levels and vault maps discovered:
D:1:      dpeg_arrival_more_subterranean_lakeside_camping, layout_loops_ring,
          serial_shops, nicolae_shop_stone, due_unseen_surprise
D:2:      layout_basic, uniq_sigmund

Skill      XL: |  1  2 |
---------------+-------+-----
Axes           | 4 |  4.6
Fighting       | 4 |  4.4
Armour         | |  2.8
Dodging        | |  2.7
Stealth        | |  0.2

Action                   || total
-------------------------++-------
Melee: Hand axe          ||    68
       Headbutt          ||     7
Invok: Berserk           ||     1
  Use: Scroll            ||     2
 Stab: Sleeping          ||     1
Armor: Animal skin       ||     6
       Leather armour    ||    17
Dodge: Dodged            ||    60
